 Dungeon Crawl Stone Soup version 0.28-a0-1182-g381e24d (webtiles) character file.

Game seed: 2772752306929166200

94 Remcycle the Chopper (level 4, 0/35 HPs)
             Began as a Formicid Fighter on Dec 16, 2021.
             Slain by Duvessa (10 damage)
             ... on level 4 of the Dungeon.
             The game lasted 00:04:05 (2560 turns).

Remcycle the Chopper (Formicid Fighter)             Turns: 2560, Time: 00:04:06

Health: 0/35       AC: 10    Str: 22    XL:     4   Next: 94%
Magic:  4/4        EV:  9    Int:  8    God:
Gold:   99         SH:  4    Dex: 10    Spells: 3/3 levels left

rFire   . . .      SeeInvis +   a - +1 war axe
rCold   . . .      Faith    .   c - +0 buckler
rNeg    . . .      Spirit   .   b - +0 scale mail
rPois   .          Reflect  .   (helmet unavailable)
rElec   .          Harm     .   e - +1 cloak
rCorr   .          Rampage  .   g - +0 pair of gloves
Will    .....                   (no boots)
Stlth   ..........              (no amulet)
HPRegen 0.11/turn               (no ring)
MPRegen 0.09/turn               (no ring)

@: mighty, lit by a corona, weak-willed, glowing
A: permanent stasis, dig shafts and tunnels, antennae 3, four strong arms
a: Dig, Shaft Self


You were on level 4 of the Dungeon.
You visited 1 branch of the dungeon, and saw 4 of its levels.

You collected 99 gold pieces.

Inventory:

Hand Weapons
 a - a +1 war axe (weapon)
Missiles
 p - 2 atropa-tipped darts
 r - 12 poisoned darts
Armour
 b - a +0 scale mail (worn)
 c - a +0 buckler (worn)
 e - a +1 cloak (worn)
 g - a +0 pair of gloves (worn)
Potions
 d - a potion of might
 h - a potion of haste
 j - a potion of magic
 l - 2 potions of attraction


   Skills:
 - Level 3.2 Fighting
 + Level 4.7 Axes
 - Level 3.2 Armour
 - Level 3.6 Shields


You had 3 spell levels left.
You didn't know any spells.
Your spell library contained the following spells:

 Spells                   Type           Power      Damage    Failure   Level
 Static Discharge         Conj/Air       0%         N/A       86%         2
 Lightning Bolt           Conj/Air       0%         1d11      100%        5
 Summon Forest            Summ/Tloc      0%         N/A       100%        5
 Summon Mana Viper        Hex/Summ       0%         N/A       100%        5
 Summon Cactus Giant      Summ           0%         N/A       100%        6
 Maxwell's Capacitive Co  Air            0%         ∞         100%        8


Dungeon Overview and Level Annotations

Branches:
Dungeon (4/15)             Temple (0/1) D:4

Altars:
Cheibriados
Wu Jian

Annotations:
D:4 Dowan, Duvessa


Innate Abilities, Weirdness & Mutations

You cannot be hasted, slowed, berserked, paralysed or teleported.
You can dig through walls and to a lower floor.
You have a pair of large antennae on your head. (SInv)
Your four strong arms can wield two-handed weapons with a shield.


Message History

You now have 99 gold pieces (gained 21).
There is a stone staircase leading up here.
You sense a monster nearby.
Dowan, Brother of Duvessa comes into view.
He is wielding a +1 dagger of pain.
Dowan shouts!
Dowan moves out of view.
Duvessa, Sister of Dowan comes into view.
She is wielding a +0 short sword.
Dowan's feet meld with the ground, briefly.
You barely miss Dowan. You hit Duvessa.
Duvessa is lightly wounded.
Dowan drinks a potion.
Dowan's spells are empowered!
You hit Duvessa.
Duvessa is lightly wounded.
Dowan casts a spell at Duvessa.
Duvessa seems to speed up.
Duvessa hits you with a +0 short sword. Dowan casts a spell at you.
The puff of frost hits you!
You slash Duvessa!
Duvessa is heavily wounded.
Duvessa barely misses you. Duvessa hits you with a +0 short sword.
Dowan gestures wildly while chanting.
Dowan blinks!
You hit Duvessa.
Duvessa is severely wounded.
Duvessa hits you with a +0 short sword. You block Duvessa's attack.
You are too injured to fight recklessly!
You closely miss Duvessa.
Duvessa is severely wounded.
Duvessa hits you with a +0 short sword!
* * * LOW HITPOINT WARNING * * *
Dowan points at you and mumbles some strange words.
You are outlined in light.
You block Duvessa's attack.
It was a potion of curing.
You feel better. Duvessa hits you but does no damage.
You feel very mighty all of a sudden. Duvessa barely misses you.
Duvessa gestures with her weapon.
Duvessa hits you with a +0 short sword!
You die...

###*** ****** #...,*
*,,,,* #....* *,,,,#
#....################.#*
#..............§§§.....,
#......e.......§§§.....,
*,,,,,#@e......§§§.....,
*,,,,,#.#######§§§..#.#*
***,*,#.......§..§.?...*
*,*,##.##############*
*,,,,#..,,,,,,,,,,,,,,
*,,,,#.##**,****,****,
*,,,,#.#{,+,+,,*,*{,+,
*,,,,#.#,,*,*,,*,*,,*,
***,,#.#+**,*+**,*+**,


You could see Duvessa (fast) and Dowan (empowered).

Vanquished Creatures
  A mummy (D:3)
  3 adders
  A dart slug (D:3)
  4 orcs (D:3)
  6 endoplasms
  A giant cockroach (D:3)
  5 goblins
  3 hobgoblins (D:2)
  A quokka (D:3)
  7 ball pythons
  3 bats
  3 frilled lizards
  3 kobolds
  5 rats
46 creatures vanquished.

Notes
Turn   | Place    | Note
-------+----------+-------------------------------------------
     0 | D:1      | Remcycle the Formicid Fighter began the quest for the Orb.
     0 | D:1      | Reached XP level 1. HP: 18/18 MP: 1/1
   314 | D:1      | Reached XP level 2. HP: 20/24 MP: 2/2
   504 | D:1      | Found a faded altar of an unknown god.
   561 | D:1      | Reached skill level 3 in Axes
   838 | D:1      | Reached XP level 3. HP: 26/29 MP: 3/3
  1628 | D:3      | Reached skill level 4 in Axes
  1628 | D:3      | Reached XP level 4. HP: 35/35 MP: 4/4
  1774 | D:3      | Found a snail-covered altar of Cheibriados.
  1865 | D:3      | Found an ornate altar of the Wu Jian Council.
  2550 | D:4      | Noticed Dowan
  2551 | D:4      | Noticed Duvessa
  2560 | D:4      | Slain by Duvessa

Illustrated notes

Levels and vault maps discovered:
D:1:      elethiomel_arrival_quiet, layout_loops_cross, basic_ecumenical_altar
D:2:      layout_loops_ring, minmay_misc_feat_encased
D:3:      layout_loops_ring, slow_altar_1, mainiacjoe_overflow_chevrons
D:4:      minmay_door_path, layout_basic, nicolae_overflow_hidden_temple,
          minmay_temple_entry_tees, serial_forest,
          infiniplex_forest_lined_room_3, infiniplex_forest_lined_corner,
          infiniplex_forest_clump_medium, infiniplex_forest_end_2,
          infiniplex_forest_end_1, uniq_sigmund, uniq_duvessa, uniq_robin

Skill      XL: |  1  2  3 |
---------------+----------+-----
Axes           | 3 4 |  4.7
Fighting       | |  3.2
Armour         | |  3.2
Shields        | |  3.6

Action                   |  1- 3 |  4- 6 || total
-------------------------+-------+-------++-------
Melee: War axe           |    69 |    56 ||   125
  Use: Scroll            |       |     8 ||     8
       Potion            |       |     2 ||     2
Armor: Scale mail        |    27 |    25 ||    52
Dodge: Dodged            |    37 |    25 ||    62
Block: Buckler           |    16 |    13 ||    29

Table legend: (Time is in decaauts)
 A = Elapsed time spent in this place.
 B = Non-inter-level travel time spent in this place.
 C = Inter-level travel time spent in this place.
 D = Time resting spent in this place.
 E = Time spent auto-exploring this place.
 F = Levels seen in this place.
 G = Mean time per level.
                   A        B        C        D        E       F      G
               +--------+--------+--------+--------+--------+-----+--------+
         Total |   2599 |   2499 |    100 |      0 |   2122 |   4 |  649.8 |
       Dungeon |   2599 |   2499 |    100 |      0 |   2122 |   4 |  649.8 |
               +--------+--------+--------+--------+--------+-----+--------+

Top non-repeatable levels by time:
     D:1: 1040 daAuts
     D:3: 927 daAuts
     D:2: 599 daAuts
     D:4: 32 daAuts
